 Dungeon Crawl Stone Soup version 0.28-a0-410-gbef64dd269 (webtiles) character file.

Game seed: 17449787464962228711

22 ytrimaz the Skirmisher (level 2, 0/27 HPs)
             Began as a Hill Orc Monk on Sept 6, 2021.
             Hit by a stone thrown by a kobold (1 damage)
             ... on level 1 of the Dungeon.
             The game lasted 00:01:18 (756 turns).

ytrimaz the Skirmisher (Hill Orc Monk)               Turns: 756, Time: 00:01:19

Health: 0/27       AC:  2    Str: 13    XL:     2   Next: 91%
Magic:  2/2        EV: 12    Int: 10    God:
Gold:   35         SH:  0    Dex: 13    Spells: 1/1 levels left

rFire   . . .      SeeInvis .   e - +2 whip (elec)
rCold   . . .      Faith    .   (no shield)
rNeg    . . .      Spirit   .   b - +0 robe
rPois   .          Reflect  .   (no helmet)
rElec   .          Harm     .   (no cloak)
rCorr   .          Rampage  .   (no gloves)
Will    .....                   (no boots)
Stlth   ++........              (no amulet)
HPRegen 0.09/turn               (no ring)
MPRegen 0.08/turn               (no ring)

@: no status effects
A: no striking features
a: no special abilities


You were on level 1 of the Dungeon.
You visited 1 branch of the dungeon, and saw 1 of its levels.

You collected 35 gold pieces.

Inventory:

Hand Weapons
 a - a +0 falchion
 e - a +2 whip of electrocution (weapon)
Armour
 b - a +0 robe (worn)
Scrolls
 c - a scroll of acquirement {unknown}


   Skills:
 * Level 4.0 Fighting
 - Level 3.8 Long Blades
 * Level 2.7 Dodging
 - Level 1.5 Stealth


You had one spell level left.
You didn't know any spells.
Your spell library was empty.

Dungeon Overview and Level Annotations

Branches:
Dungeon (1/15)

Altars:


Message History

A quokka is nearby!
A quokka comes into view.
Found a scroll labelled HAKOVI BANENI.
A kobold comes into view. It is wielding a +0 dagger.
The kobold shouts!
A kobold comes into view. It is wielding a +0 whip.
The quokka misses you. The quokka bites you.
The kobold hits you with a +0 dagger. The quokka barely misses you.
You hit the kobold.
You kill the kobold!
The quokka barely misses you.
The quokka bites you but does no damage.
The quokka barely misses you. The quokka bites you.
You completely miss the quokka. The quokka bites you.
You closely miss the quokka.
The quokka bites you but does no damage.
The quokka bites you.
You hit the quokka.
The quokka is moderately wounded.
The quokka misses you.
You hit the quokka but do no damage. Lightning courses through the quokka!
You kill the quokka!
The quokka bites you.
It was a potion of cancellation.
You feel magically purged. The quokka barely misses you.
You hit the quokka but do no damage. The quokka bites you.
* * * LOW HITPOINT WARNING * * *
You closely miss the quokka. The quokka bites you.
* * * LOW HITPOINT WARNING * * *
You hit the quokka.
The quokka is moderately wounded.
The quokka bites you.
* * * LOW HITPOINT WARNING * * *
The quokka barely misses you.
You hit the quokka but do no damage. Lightning courses through the quokka!
You kill the quokka!
The kobold throws a stone.
The stone hits you.
You die...

........##### #.#
#.# <.####....#.###
.# ...# ####...#.#
.# #...# ##...##
##########....^#
...........#.######
..(###...#.........
##.#
#.#.#..#.#####.#
#.#
#.#.#....K†@...#
#.#
#.#.##.#.#####.#
#.#
#.#.#?.K.......#
#.#
#.#....#........
#.#
#.###.#......#.#
#.# #.......).#.##
#.# ####...#.#.#
###. .# # .. .#


You could see a kobold.

Vanquished Creatures
  A bat (D:1)
  5 endoplasms (D:1)
  3 hobgoblins (D:1)
  3 quokkas (D:1)
  A frilled lizard (D:1)
  3 goblins (D:1)
  2 kobolds (D:1)
  2 rats (D:1)
20 creatures vanquished.

Notes
Turn   | Place    | Note
-------+----------+-------------------------------------------
     0 | D:1      | ytrimaz the Hill Orc Monk began the quest for the Orb.
     0 | D:1      | Reached XP level 1. HP: 19/19 MP: 1/1
   261 | D:1      | Reached XP level 2. HP: 23/27 MP: 2/2
   464 | D:1      | Reached skill level 4 in Fighting
   755 | D:1      | HP: 1/27 [quokka (3)]
   756 | D:1      | Hit by a stone thrown by a kobold

Illustrated notes

Levels and vault maps discovered:
D:1:      dpeg_arrival_arbitrary_a, layout_basic, minmay_cut_off

Skill      XL: |  1  2 |
---------------+-------+-----
Fighting       | 4 |  4.0
Long Blades    | |  3.8
Dodging        | |  2.7
Stealth        | |  1.5

Action                   || total
-------------------------++-------
Melee: Falchion          ||    33
       Whip              ||     9
  Use: Potion            ||     1
 Stab: Sleeping          ||     3
Armor: Robe              ||     8
Dodge: Dodged            ||    33

Table legend: (Time is in decaauts)
 A = Elapsed time spent in this place.
 B = Non-inter-level travel time spent in this place.
 C = Inter-level travel time spent in this place.
 D = Time resting spent in this place.
 E = Time spent auto-exploring this place.
 F = Levels seen in this place.
 G = Mean time per level.
                   A        B        C        D        E       F      G
               +--------+--------+--------+--------+--------+-----+--------+
         Total |    760 |    719 |     41 |      0 |    563 |   1 |  760.0 |
       Dungeon |    760 |    719 |     41 |      0 |    563 |   1 |  760.0 |
               +--------+--------+--------+--------+--------+-----+--------+

Top non-repeatable levels by time:
     D:1: 760 daAuts
